SAAA
ALLOWAY HALBERDS @ BRINKLEY BELUGAS
09/04/2034
 
TOP OF THE 1ST
Alloway Halberds batting - Pitching for Brinkley Belugas : RHP Edo Culley
Pitching: RHP Edo Culley
Batting: RHB Orlando Reyes 0-0: Swinging Strike
0-1: Ball
1-1: Ground out 6-3 (Groundball, 6)
Batting: RHB José Alcalá 0-0: Fly out, F7 (Line Drive, 7)
Batting: LHB Mike Clifton 0-0: Swinging Strike
0-1: Foul Ball, location: 2F
0-2: Ball
1-2: Strikes out looking
Top of the 1st over - 0 runs, 0 hits, 0 errors, 0 left on base; Alloway 0 - Brinkley 0
BOTTOM OF THE 1ST
Brinkley Belugas batting - Pitching for Alloway Halberds : RHP Peter Glenn
Pitching: RHP Peter Glenn
Batting: RHB Oscar Gandarilla 0-0: Ground out 5-3 (Groundball, 56)
Batting: RHB Cisco Feijoo 0-0: Called Strike
0-1: Ball
1-1: Swinging Strike
1-2: Fly out, F7 (Flyball, 7)
Batting: LHB Weston Doyle 0-0: SINGLE (Groundball, 4MD)
Batting: LHB Travis Towns 0-0: Ball
1-0: Fly out, F8 (Flyball, 8LS)
Bottom of the 1st over - 0 runs, 1 hit, 0 errors, 1 left on base; Alloway 0 - Brinkley 0
TOP OF THE 2ND
Alloway Halberds batting - Pitching for Brinkley Belugas : RHP Edo Culley
Batting: RHB Manny Gonzáles 0-0: Ground out 4-3 (Groundball, 4)
Batting: LHB José Zarate 0-0: Swinging Strike
0-1: Swinging Strike
0-2: Strikes out swinging
Batting: RHB Carlos De Jesús 0-0: Called Strike
0-1: Swinging Strike
0-2: Ball
1-2: Foul Ball, location: 2F
1-2: SINGLE (Line Drive, 56)
Batting: RHB Bass Reeves 0-0: Foul Ball, location: 2F
0-1: Ball
1-1: Swinging Strike
1-2: Fielders Choice at 2nd, 6-4 (Groundball, 6)
Top of the 2nd over - 0 runs, 1 hit, 0 errors, 1 left on base; Alloway 0 - Brinkley 0
BOTTOM OF THE 2ND
Brinkley Belugas batting - Pitching for Alloway Halberds : RHP Peter Glenn
Batting: RHB Hyeon-cheong Kim 0-0: Ball
1-0: Ball
2-0: Fly out, F4 (Popup, 4S)
Batting: RHB Wu-shiun Wang 0-0: Ball
1-0: Ball
2-0: Ball
3-0: Called Strike
3-1: Foul Ball, location: 2F
3-2: Strikes out swinging
Batting: SHB Jorge Colón 0-0: Ball
1-0: Ball
2-0: Fly out, F2 (Popup, 2L)
Bottom of the 2nd over - 0 runs, 0 hits, 0 errors, 0 left on base; Alloway 0 - Brinkley 0
TOP OF THE 3RD
Alloway Halberds batting - Pitching for Brinkley Belugas : RHP Edo Culley
Batting: RHB Cisco Hernández 0-0: Fly out, F9 (Flyball, 89D)
Batting: RHB Enrique Gómez 0-0: Ball
1-0: Called Strike
1-1: Swinging Strike
1-2: Ball
2-2: Ball
3-2: Base on Balls
Batting: RHB Orlando Reyes 0-0: Foul Ball, location: 2F
0-1: Called Strike
0-2: Ball
1-2: Foul Ball, location: 2F
1-2: Ground out 3-1 (Groundball, 34S)
Enrique Gómez to second
Batting: RHB José Alcalá 0-0: Ball
1-0: Foul Ball, location: 2F
1-1: Ball
2-1: Ball
3-1: Base on Balls
Batting: LHB Mike Clifton 0-0: Called Strike
0-1: Ball
1-1: Ground out 4-3 (Groundball, 4)
Top of the 3rd over - 0 runs, 0 hits, 0 errors, 2 left on base; Alloway 0 - Brinkley 0
BOTTOM OF THE 3RD
Brinkley Belugas batting - Pitching for Alloway Halberds : RHP Peter Glenn
Batting: RHB Tony Ayala 0-0: Ball
1-0: Called Strike
1-1: Ball
2-1: Ground out 3-1 (Groundball, 34S)
Batting: RHB Rio Clark 0-0: Called Strike
0-1: Ball
1-1: Called Strike
1-2: Foul Ball, location: 2F
1-2: Fly out, F9 (Flyball, 9S)
Batting: RHB Oscar Gandarilla 0-0: Fly out, F6 (Line Drive, 6)
Bottom of the 3rd over - 0 runs, 0 hits, 0 errors, 0 left on base; Alloway 0 - Brinkley 0
TOP OF THE 4TH
Alloway Halberds batting - Pitching for Brinkley Belugas : RHP Edo Culley
Batting: RHB Manny Gonzáles 0-0: Called Strike
0-1: Foul Ball, location: 2F
0-2: Strikes out swinging
Batting: LHB José Zarate 0-0: Called Strike
0-1: Foul Ball, location: 2F
0-2: Ball
1-2: Strikes out swinging
Batting: RHB Carlos De Jesús 0-0: Ball
1-0: Ball
2-0: Called Strike
2-1: Ball
3-1: Base on Balls
Batting: RHB Bass Reeves 0-0: Ball
1-0: Fielders Choice at 2nd, 6-4 (Groundball, 6D)
Top of the 4th over - 0 runs, 0 hits, 0 errors, 1 left on base; Alloway 0 - Brinkley 0
BOTTOM OF THE 4TH
Brinkley Belugas batting - Pitching for Alloway Halberds : RHP Peter Glenn
Batting: RHB Cisco Feijoo 0-0: Foul Ball, location: 2F
0-1: Ball
1-1: Foul Ball, location: 2F
1-2: Ball
2-2: Ball
3-2: Fly out, F9 (Flyball, 9S)
Batting: LHB Weston Doyle 0-0: Fly out, F4 (Popup, 4)
Batting: LHB Travis Towns 0-0: Called Strike
0-1: Swinging Strike
0-2: SINGLE (Groundball, 6MD)
Batting: RHB Hyeon-cheong Kim 0-0: Called Strike
Travis Towns steals 2nd base
0-1: Foul Ball, location: 2F
0-2: Ball
1-2: Fly out, F9 (Flyball, 9S)
Bottom of the 4th over - 0 runs, 1 hit, 0 errors, 1 left on base; Alloway 0 - Brinkley 0
TOP OF THE 5TH
Alloway Halberds batting - Pitching for Brinkley Belugas : RHP Edo Culley
Batting: RHB Cisco Hernández 0-0: Ball
1-0: Swinging Strike
1-1: Ball
2-1: Fly out, F6 (Line Drive, 6)
Batting: RHB Enrique Gómez 0-0: Ball
1-0: Ball
2-0: Called Strike
2-1: Ground out 6-3 (Groundball, 6)
Batting: RHB Orlando Reyes 0-0: Swinging Strike
0-1: Ball
1-1: Called Strike
1-2: Foul Ball, location: 2F
1-2: Ball
2-2: Ball
3-2: Base on Balls
Batting: RHB José Alcalá 0-0: Called Strike
0-1: 2-RUN HOME RUN (Flyball, 7D), Distance : 390 ft
Batting: LHB Mike Clifton 0-0: Ball
1-0: Ball
2-0: Ball
3-0: Base on Balls
Batting: RHB Manny Gonzáles 0-0: Called Strike
0-1: Foul Ball, location: 2F
0-2: Ball
1-2: Strikes out swinging
Top of the 5th over - 2 runs, 1 hit, 0 errors, 1 left on base; Alloway 2 - Brinkley 0
BOTTOM OF THE 5TH
Brinkley Belugas batting - Pitching for Alloway Halberds : RHP Peter Glenn
Batting: RHB Wu-shiun Wang 0-0: Called Strike
0-1: Ground out U3 (Groundball, 34)
Batting: SHB Jorge Colón 0-0: Ball
1-0: Ball
2-0: SINGLE (Flyball, 7LS)
Batting: RHB Tony Ayala 0-0: SINGLE (Line Drive, 34D)
Jorge Colón to second
Batting: RHB Rio Clark 0-0: Called Strike
0-1: Grounds into double play, 5-4-3 (Groundball, 56)
Bottom of the 5th over - 0 runs, 2 hits, 0 errors, 1 left on base; Alloway 2 - Brinkley 0
TOP OF THE 6TH
Alloway Halberds batting - Pitching for Brinkley Belugas : RHP Edo Culley
Batting: LHB José Zarate 0-0: Called Strike
0-1: Ball
1-1: Ball
2-1: Ball
3-1: Base on Balls
Batting: RHB Carlos De Jesús 0-0: Ball
1-0: Ball
2-0: Foul Ball, location: 2F
2-1: Called Strike
2-2: Foul Ball, location: 2F
2-2: Ball
3-2: Base on Balls
José Zarate to second
Batting: RHB Bass Reeves 0-0: Ball
1-0: Sac Bunt - play at first, batter OUT! 2-3
José Zarate to third
Carlos De Jesús to second
Batting: RHB Cisco Hernández 0-0: SINGLE (Flyball, 34D)
José Zarate scores
Carlos De Jesús to third
Batting: RHB Enrique Gómez 0-0: Ball
1-0: Ball
2-0: Ball
3-0: Called Strike
3-1: Called Strike
3-2: Foul Ball, location: 2F
3-2: SINGLE (Groundball, 6D)
Carlos De Jesús scores
Cisco Hernández to second
Pitching: RHP Rich Choquette
Batting: RHB Orlando Reyes 0-0: Ball
1-0: Swinging Strike
1-1: Ball
2-1: Ball
3-1: Base on Balls
Cisco Hernández to third
Enrique Gómez to second
Batting: RHB José Alcalá 0-0: Ball
1-0: Ball
2-0: Ball
3-0: Called Strike
3-1: Base on Balls
Cisco Hernández scores
Enrique Gómez to third
Orlando Reyes to second
Batting: LHB Mike Clifton 0-0: Ball
1-0: Fly out, F8 (Flyball, 8LXD)
Runner from 3rd tags up, SCORES, no throw
Orlando Reyes to third
Batting: RHB Manny Gonzáles 0-0: Fly out, F8 (Flyball, 8RXD)
Top of the 6th over - 4 runs, 2 hits, 0 errors, 2 left on base; Alloway 6 - Brinkley 0
BOTTOM OF THE 6TH
Brinkley Belugas batting - Pitching for Alloway Halberds : RHP Peter Glenn
Batting: RHB Oscar Gandarilla 0-0: Ball
1-0: Foul Ball, location: 2F
1-1: Ball
2-1: Ball
3-1: Swinging Strike
3-2: Fly out, F3 (Popup, 3SF)
Batting: RHB Cisco Feijoo 0-0: Ball
1-0: Ball
2-0: Ball
3-0: Called Strike
3-1: Swinging Strike
3-2: Fly out, F8 (Line Drive, 8LM)
Batting: LHB Weston Doyle 0-0: Fly out, F3 (Popup, 34S)
Bottom of the 6th over - 0 runs, 0 hits, 0 errors, 0 left on base; Alloway 6 - Brinkley 0
TOP OF THE 7TH
Alloway Halberds batting - Pitching for Brinkley Belugas : RHP Rich Choquette
Batting: LHB José Zarate 0-0: Called Strike
0-1: Called Strike
0-2: Ball
1-2: Strikes out looking
Batting: RHB Carlos De Jesús 0-0: Ball
1-0: Called Strike
1-1: Ball
2-1: Ground out 5-3 (Groundball, 56S)
Batting: RHB Bass Reeves 0-0: Foul Ball, location: 2F
0-1: Foul Ball, location: 2F
0-2: Ball
1-2: Ball
2-2: Foul Ball, location: 2F
2-2: Ball
3-2: Ground out 1-3 (Groundball, P)
Top of the 7th over - 0 runs, 0 hits, 0 errors, 0 left on base; Alloway 6 - Brinkley 0
BOTTOM OF THE 7TH
Brinkley Belugas batting - Pitching for Alloway Halberds : RHP Peter Glenn
Batting: LHB Travis Towns 0-0: Foul Ball, location: 2F
0-1: Ball
1-1: SINGLE (Flyball, 7S)
Batting: RHB Hyeon-cheong Kim 0-0: Fly out, F3 (Popup, 3SF)
Batting: RHB Wu-shiun Wang 0-0: Ground out 1-3 (Groundball, 15S)
Travis Towns to second
Batting: SHB Jorge Colón 0-0: Ground out 5-3 (Groundball, 56S)
Bottom of the 7th over - 0 runs, 1 hit, 0 errors, 1 left on base; Alloway 6 - Brinkley 0
TOP OF THE 8TH
Alloway Halberds batting - Pitching for Brinkley Belugas : RHP Rich Choquette
Batting: RHB Cisco Hernández 0-0: Ball
1-0: Called Strike
1-1: Foul Ball, location: 2F
1-2: Ground out 6-3 (Groundball, 6)
Batting: RHB Enrique Gómez 0-0: Swinging Strike
0-1: Fly out, F9 (Flyball, 9)
Batting: RHB Orlando Reyes 0-0: Ball
1-0: Swinging Strike
1-1: Foul Ball, location: 2F
1-2: Ball
2-2: Ball
3-2: Ground out 1-3 (Groundball, P)
Top of the 8th over - 0 runs, 0 hits, 0 errors, 0 left on base; Alloway 6 - Brinkley 0
BOTTOM OF THE 8TH
Brinkley Belugas batting - Pitching for Alloway Halberds : RHP Peter Glenn
Now at SS: Christovăo Galho
Batting: RHB Tony Ayala 0-0: Ball
1-0: Called Strike
1-1: Hit by Pitch
Batting: RHB Rio Clark 0-0: Ball
1-0: Ground out 5-3 (Groundball, 56S)
Tony Ayala to second
Batting: RHB Oscar Gandarilla 0-0: Ball
1-0: Ball
2-0: Called Strike
2-1: Swinging Strike
2-2: Strikes out swinging
Batting: RHB Cisco Feijoo 0-0: SINGLE (Line Drive, 56D)
Tony Ayala to third
Runner from 3rd tries for Home, SAFE, no throw
Batting: LHB Weston Doyle 0-0: Ball
1-0: Ground out 4-3 (Groundball, 4)
Bottom of the 8th over - 1 run, 1 hit, 0 errors, 1 left on base; Alloway 6 - Brinkley 1
TOP OF THE 9TH
Alloway Halberds batting - Pitching for Brinkley Belugas : RHP Rich Choquette
Batting: RHB José Alcalá 0-0: Ball
1-0: Ball
2-0: Ball
3-0: Base on Balls
Batting: LHB Mike Clifton 0-0: Ball
1-0: Ball
2-0: Called Strike
2-1: Ball
3-1: Base on Balls
José Alcalá to second
Batting: RHB Manny Gonzáles 0-0: Swinging Strike
0-1: Ball
1-1: Grounds into double play, 6-4-3 (Groundball, 6M)
José Alcalá to third
Batting: LHB José Zarate 0-0: Ball
1-0: Swinging Strike
1-1: Ball
2-1: Fly out, F7 (Flyball, 78M)
Top of the 9th over - 0 runs, 0 hits, 0 errors, 1 left on base; Alloway 6 - Brinkley 1
BOTTOM OF THE 9TH
Brinkley Belugas batting - Pitching for Alloway Halberds : RHP Peter Glenn
Batting: LHB Travis Towns 0-0: Called Strike
0-1: Ball
1-1: Foul Ball, location: 2F
1-2: Ball
2-2: Foul Ball, location: 2F
2-2: DOUBLE (Flyball, 8RXD)
Batting: RHB Hyeon-cheong Kim 0-0: SINGLE (Groundball, 56D)
Travis Towns to third
Batting: RHB Wu-shiun Wang 0-0: Ball
1-0: Ball
2-0: Called Strike
2-1: Fly out, F9 (Flyball, 89S)
Runner from 3rd tags up, SCORES, no throw
Batting: SHB Jorge Colón 0-0: Ball
1-0: Ball
2-0: Fly out, F9 (Line Drive, 9D)
Pitching: RHP Martin Besnier
Batting: RHB Tony Ayala 0-0: Ball
1-0: Ball
Wild Pitch!
Hyeon-cheong Kim to second
2-0: Ball
3-0: Base on Balls
Pitching: RHP Cheung Lai
Batting: RHB Rio Clark 0-0: SINGLE (Line Drive, 78S)
Hyeon-cheong Kim to third
Tony Ayala to second
Pinch Hitting: SHB Zuberi Mccray 0-0: Ball
1-0: Ball
2-0: Ball
3-0: Base on Balls
Hyeon-cheong Kim scores
Tony Ayala to third
Rio Clark to second
Batting: RHB Cisco Feijoo 0-0: Called Strike
0-1: Ball
1-1: Swinging Strike
1-2: Ball
2-2: Strikes out swinging
Bottom of the 9th over - 2 runs, 3 hits, 0 errors, 3 left on base; Alloway 6 - Brinkley 3
Friday, March 29th, 2019 - OOTP Baseball 18.8 Build 76